 Dungeon Crawl Stone Soup version 0.28.0 (webtiles) character file.

Game seed: 13619111178460800673

139 hikkokomori the Skirmisher (level 5, 0/64 HPs)
             Began as a Formicid Fighter on Feb 8, 2022.
             Slain by a gnoll (2 damage)
             ... on level 2 of the Dungeon.
             The game lasted 00:03:19 (1353 turns).

hikkokomori the Skirmisher (Formicid Fighter)       Turns: 1353, Time: 00:03:20

Health: 0/64       AC: 22    Str: 22    XL:     5   Next: 46%
Magic:  5/5        EV:  2    Int:  8    God:
Gold:   76         SH:  4    Dex: 10    Spells: 4/4 levels left

rFire   . . .      SeeInvis .   a - +0 war axe
rCold   . . .      Faith    .   c - +0 buckler
rNeg    . . .      Spirit   .   (armour currently unavailable)
rPois   +          Reflect  .   (helmet unavailable)
rElec   .          Harm     .   (cloak currently unavailable)
rCorr   .          Rampage  .   (gloves currently unavailable)
Will    .....                   (boots currently unavailable)
Stlth   +.........              (no amulet)
HPRegen 0.20/turn               (no ring)
MPRegen 0.09/turn               (no ring)

@: brilliant, tree-form
A: stationary, stasis, torment immunity, boosted hp, permanent stasis, dig
shafts and tunnels, (antennae 3), four strong arms, deterioration 1
a: no special abilities


You were on level 2 of the Dungeon.
You were a tree.
You visited 1 branch of the dungeon, and saw 2 of its levels.

You collected 76 gold pieces.

Inventory:

Hand Weapons
 a - a +0 war axe (weapon)
Missiles
 g - 7 poisoned darts
Armour
 b - a +0 scale mail (melded)
 c - a +0 buckler (worn)
Potions
 d - a potion of might


   Skills:
 + Level 4.9 Fighting
 + Level 3.8 Axes
 - Level 3.2 Armour
 + Level 3.8 Shields


You had 4 spell levels left.
You didn't know any spells.
Your spell library was empty.

Dungeon Overview and Level Annotations

Branches:
Dungeon (2/15)

Altars:


Innate Abilities, Weirdness & Mutations

You are a tree.
Your roots penetrate the ground, keeping you stationary.
You cannot be teleported.
You are immune to unholy pain and torment.
Your maximum health is greatly increased.
Your equipment is partially melded.
You cannot be hasted, slowed, berserked, paralysed or teleported.
You can dig through walls and to a lower floor.
((You have a pair of large antennae on your head. (SInv)))
Your four strong arms can wield two-handed weapons with a shield.
Your body sometimes deteriorates upon taking damage.


Message History

Okay, then.
You aren't carrying any items that you can evoke.
Non-targeted abil: Dig
Press: ? - help, Q - select action, (/) - cycle Dir - look around, f - activate
Okay, then.
Throw: 8 darts (poison)
Press: ? - help, Shift-Dir - straight line, f - gnoll
Aim: a gnoll, wielding a +0 vorpal spear (61% to hit)
You throw a poisoned dart.
The poisoned dart barely misses the gnoll.
The poisoned dart barely misses the gnoll.
You feel sick. The gnoll hits you but does no damage.
As you read the scroll labelled VIPPAN LAREVIXT, it crumbles to dust.
You feel aware of your surroundings.
It was a scroll of magic mapping.
You feel sick.
You are no longer poisoned.
The gnoll hits you but does no damage.
As you read the scroll labelled ANUOTE BEZOGH, it crumbles to dust.
Your stasis prevents you from teleporting.
It was a scroll of blinking.
The gnoll hits you but does no damage. The gnoll hits you but does no damage.
You block the gnoll's attack. The gnoll hits you but does no damage.
The gnoll hits you but does no damage.
The gnoll hits you from afar with a +0 vorpal spear.
* * * LOW HITPOINT WARNING * * *
x2 Unknown command.
Sorry, you're not good enough to have a special ability.
Unknown command.
You cannot move.
There are monsters nearby!
There are monsters nearby!
You block the gnoll's attack. The gnoll hits you but does no damage.
Are you sure you want to abandon this character and quit the game? (Confirm with "yes".)
Okay, then.
The gnoll hits you but does no damage. The gnoll barely misses you.
The gnoll hits you from afar with a +0 vorpal spear.
You die...

,,{,* #.* #...#.. ,,,,* #.#*
###.#.. ,<,,* *..* #######.#..
**,** *#.* #....##.#.. *,* #.###
#....##.### *,* #S..##
#....##..## *,* #.#..#
#....###..# #*,** *#.##g######
##....####.. #⌠,⌠**
**⌠.⌠#gg)♣..###...>.#.....
##,,,***g.g##.###†.........†.....
.##,,{,..g##....)....##....#.....
..#*,,<..##......######....######
..#**⌠.⌠##...>...# #....# ..#
*****#.......# ###### ..#
#.......# ### #.......# #########


You could see 3 gnolls.

Vanquished Creatures
  Natasha (thrice) (D:2)
  A gnoll (D:1)
  2 adders (D:2)
  A worm (D:2)
  2 ball pythons (D:1)
  4 bats
  3 endoplasms
  3 giant cockroaches
  5 hobgoblins
  A quokka (D:1)
  3 frilled lizards
  2 goblins
  3 kobolds
  3 rats
36 creatures vanquished.

Vanquished Creatures (others)
  A plant (D:1)
1 creature vanquished.

Grand Total: 37 creatures vanquished

Notes
Turn   | Place    | Note
-------+----------+-------------------------------------------
     0 | D:1      | hikkokomori the Formicid Fighter began the quest for the
                  | Orb.
     0 | D:1      | Reached XP level 1. HP: 18/18 MP: 1/1
   457 | D:1      | Reached XP level 2. HP: 24/24 MP: 2/2
   597 | D:1      | Reached XP level 3. HP: 24/30 MP: 3/3
   768 | D:1      | Reached skill level 4 in Fighting
   820 | D:1      | Found a faded altar of an unknown god.
   951 | D:2      | Noticed Natasha
   958 | D:2      | Killed Natasha
   959 | D:2      | Reached XP level 4. HP: 29/38 MP: 4/4
  1045 | D:2      | Noticed Natasha
  1052 | D:2      | Killed Natasha
  1058 | D:2      | Noticed Natasha
  1061 | D:2      | Killed Natasha
  1062 | D:2      | Reached XP level 5. HP: 42/43 MP: 5/5
  1339 | D:2      | Gained mutation: Your body sometimes deteriorates upon
                  | taking damage. [potion of mutation]
  1348 | D:2      | HP: 2/64 [gnoll (4)]
  1353 | D:2      | Slain by a gnoll

Illustrated notes

Levels and vault maps discovered:
D:1:      zaba_arrival_water, layout_loops_ring,
          shapermc_ecumenical_altar_acropolis, minmay_misc_feat_ornament
D:2:      layout_rooms, grunt_ministairs_8, uniq_natasha

Skill      XL: |  1  2  3 |
---------------+----------+-----
Fighting       | 4 |  4.9
Axes           | 3 |  3.8
Armour         | |  3.2
Shields        | |  3.8

Action                   |  1- 3 |  4- 6 || total
-------------------------+-------+-------++-------
Melee: War axe           |    54 |    50 ||   104
Throw: Dart              |     3 |     1 ||     4
  Use: Potion            |       |     3 ||     3
       Scroll            |       |     2 ||     2
Armor: Scale mail        |    22 |    28 ||    50
       Skin              |       |    16 ||    16
Dodge: Dodged            |    24 |    20 ||    44
Block: Buckler           |    13 |    18 ||    31
